cohdb
Replays
Latest Replays
All Replays
Popular Replays
Top Player Replays
Match Explorer
How It Works
Community
CoH3 Stats
Reddit
Sign in to upload your games and track your stats! →
Sign in with Steam
Match 48456115
Unlisted
Match 48456115
Overview
Messages
Build Orders
End
Selects Italian Combined Arms Battlegroup
Selects Bersaglieri Squad
Bersaglieri Squad
250 Light Carrier
Bersaglieri Squad
Construct Light Support Kompanie
Panzerjäger Squad
Combat Half-tracks
Fire Support Elements
2.5-tonne Medical Truck
Pak 38 Mechanized Group
Selects Bersaglieri Bolster
Bersaglieri Squad
Selects Semovente da 75/18 Assault Gun
Semovente da 75/18 Assault Gun
Semovente da 75/18 Assault Gun
Semovente da 75/18 Assault Gun
Semovente da 75/18 Assault Gun
SSpro
NANAMI
(KCC)MGfirst
jaws2005
旧时光
花海魔术师
影子
扣扣601549166
0
0
Comments
sign in to comment!
No comments posted yet!